 Seeded DCSS version 0.27-a0-1281-ge233d83751 (webtiles) character file.

Game seed: 9 (custom seed)

82 Corwin the Chopper (level 4, -2/37 HPs)
             Began as a Human Berserker on June 13, 2021.
             Was a Believer of Trog.
             Shot with an arrow by a centaur (9 damage)
             ... on level 3 of the Dungeon.
             The game lasted 00:08:18 (2344 turns).

Corwin the Chopper (Human Berserker)                Turns: 2344, Time: 00:08:18

Health: -2/37      AC: 10    Str: 17    XL:     4   Next: 70%
Magic:  4/4        EV:  6    Int:  8    God:    Trog [**....]
Gold:   62         SH:  0    Dex: 19    Spells: 3/3 levels left

rFire    . . .     SeeInvis .   a - +0 hand axe
rCold    . . .     Faith    .   (no shield)
rNeg     . . .     Spirit   .   j - +0 plate armour
rPois    .         Reflect  .   (no helmet)
rElec    .         Harm     .   (no cloak)
rCorr    .         Rampage  .   (no gloves)
Will     .....                  (no boots)
Stlth    ..........             (no amulet)
HPRegen  0.12/turn              e - +6 ring of dexterity
MPRegen  0.09/turn              (no ring)

@: no status effects
A: no striking features
a: Renounce Religion, Berserk, Trog's Hand


You were on level 3 of the Dungeon.
You worshipped Trog.
Trog was pleased with you.
You visited 1 branch of the dungeon, and saw 3 of its levels.

You collected 62 gold pieces.

Inventory:

Hand Weapons
 a - a +0 hand axe (weapon)
 h - a +0 flail of pain
Armour
 b - a +0 animal skin
 g - a +0 ring mail
 j - a +0 plate armour (worn)
Jewellery
 e - a +6 ring of dexterity (left hand)
Scrolls
 c - a scroll of brand weapon {unknown}
 d - a scroll of fear {unknown}
 i - a scroll of teleportation {unknown}
 k - a scroll of amnesia {unknown}
Potions
 f - a potion of heal wounds {unknown}
 l - a potion of berserk rage {unknown}


   Skills:
 + Level 3.7 Fighting
 + Level 3.9 Axes
 + Level 2.1 Armour
 + Level 2.5 Dodging
 + Level 0.8 Stealth


You had 3 spell levels left.
You didn't know any spells.
Your spell library was empty.

Dungeon Overview and Level Annotations

Branches:
Dungeon (3/15)

Altars:


Message History

There is a stone staircase leading down here.
Done exploring.
Done exploring.
There is a stone staircase leading down here.
You climb downwards.
A hobgoblin comes into view.
The hobgoblin shouts!
Found 24 stones.
There is a stone staircase leading up here.
A centaur comes into view.
The centaur shouts!
The centaur wields a +0 shortbow.
The centaur shoots an arrow.
The arrow hits you. The hobgoblin completely misses you.
A kobold comes into view. It is wielding a +0 dagger.
The kobold shouts!
The centaur shoots an arrow.
The arrow hits you but does no damage.
The centaur shoots an arrow.
The arrow hits you!
The hobgoblin hits you but does no damage.
Found a stone staircase leading up.
You closely miss the hobgoblin.
The centaur shoots an arrow.
The arrow hits you! The hobgoblin barely misses you.
You closely miss the hobgoblin.
The centaur shoots an arrow.
The arrow hits you. The hobgoblin barely misses you.
You closely miss the hobgoblin.
The centaur shoots an arrow.
The arrow barely misses you.
The hobgoblin hits you but does no damage.
The centaur shoots an arrow.
The arrow hits you.
* * * LOW HITPOINT WARNING * * *
You barely miss the hobgoblin.
The hobgoblin hits you but does no damage.
You closely miss the hobgoblin. You hit the kobold.
The centaur shoots an arrow.
The arrow barely misses you.
The hobgoblin hits you but does no damage.
The kobold barely misses you.
You closely miss the hobgoblin. You hit the kobold.
The hobgoblin hits you but does no damage.
The kobold hits you with a +0 dagger.
* * * LOW HITPOINT WARNING * * *
The centaur shoots an arrow.
The arrow hits you!
You die...

#........#
#........#
.....(..#
##.......#
#........#
#........##
#.g.......#
#@..<.#
#K....##
#..#####
....c
......
.......
.......
<......


You could see a centaur, a hobgoblin and a kobold.

Vanquished Creatures
  3 gnolls (D:2)
  2 adders (D:2)
  2 ball pythons
  4 endoplasms (D:1)
  4 goblins
  2 hobgoblins
  5 kobolds
  3 quokkas
  4 bats
  3 frilled lizards (D:1)
  5 rats
37 creatures vanquished.

Notes
Turn   | Place    | Note
-------+----------+-------------------------------------------
     0 | D:1      | Corwin the Human Berserker began the quest for the Orb.
     0 | D:1      | Reached XP level 1. HP: 18/18 MP: 1/1
   431 | D:1      | Reached XP level 2. HP: 22/24 MP: 2/2
  1168 | D:1      | Reached XP level 3. HP: 27/29 MP: 3/3
  1588 | D:2      | Reached ** piety under Trog
  1767 | D:2      | Reached XP level 4. HP: 24/37 MP: 4/4
  2337 | D:3      | Noticed a centaur
  2344 | D:3      | Shot with an arrow by a centaur

Illustrated notes

Levels and vault maps discovered:
D:1:      dpeg_arrival_rooms_a, layout_loops_corners
D:2:      layout_loops_ring
D:3:      layout_rooms, chequers_ecumenical_altar_simple_redux

Action                   |  1- 3 |  4- 6 || total
-------------------------+-------+-------++-------
Melee: Hand axe          |   102 |    40 ||   142
Invok: Berserk           |     1 |       ||     1
 Stab: Sleeping          |     1 |       ||     1
Armor: Animal skin       |    19 |       ||    19
       Ring mail         |    12 |       ||    12
       Plate armour      |     4 |    33 ||    37
Dodge: Dodged            |    78 |    19 ||    97

Table legend: (Time is in decaauts)
 A = Elapsed time spent in this place.
 B = Non-inter-level travel time spent in this place.
 C = Inter-level travel time spent in this place.
 D = Time resting spent in this place.
 E = Time spent auto-exploring this place.
 F = Levels seen in this place.
 G = Mean time per level.
                   A        B        C        D        E       F      G
               +--------+--------+--------+--------+--------+-----+--------+
         Total |   2367 |   2270 |     97 |    379 |   1381 |   3 |  789.0 |
       Dungeon |   2367 |   2270 |     97 |    379 |   1381 |   3 |  789.0 |
               +--------+--------+--------+--------+--------+-----+--------+

Top non-repeatable levels by time:
     D:1: 1404 daAuts
     D:2: 954 daAuts
     D:3: 9 daAuts
